 Dungeon Crawl Stone Soup version 0.20.1-1-g8b1a95d (webtiles) character file.

3 slep the Skirmisher (level 1, 0/14 HPs)
             Began as a Formicid Abyssal Knight on Oct 31, 2017.
             Was an Initiate of Lugonu.
             Slain by a kobold (2 damage)
             ... on level 1 of the Dungeon.
             The game lasted 00:03:12 (247 turns).

slep the Skirmisher (Formicid Abyssal Knight)        Turns: 247, Time: 00:03:13

Health: 0/14       AC:  1    Str: 16    XL:     1   Next: 55%
Magic:  2/2        EV: 11    Int:  7    God:    Lugonu [......]
Gold:   6          SH:  0    Dex: 10    Spells: 0/0 levels left

rFire    . . .     SeeInvis +   a - +1 falchion
rCold    . . .     Gourm    .   (no shield)
rNeg     . . .     Faith    .   b - +0 leather armour
rPois    .         Spirit   .   (helmet unavailable)
rElec    .         Reflect  .   (no cloak)
rCorr    .         Harm     .   (no gloves)
MR       .....                  (no boots)
Stlth    +.........             (no amulet)
Regen    0.1/turn               (no ring)
MPRegen  0.1/turn               (no ring)

@: no status effects
A: permanent stasis, dig shafts and tunnels, four strong arms, antennae 3,
[deformed body], [dopey 2], [frail 2], [subdued magic 2], [MP-powered wands]
a: Dig, Shaft Self, Renounce Religion


You were on level 1 of the Dungeon.
You worshipped Lugonu.
Lugonu was noncommittal.
You were not hungry.

You visited 1 branch of the dungeon, and saw 1 of its levels.
You visited the Abyss 1 time.

You collected 6 gold pieces.

Inventory:

Hand Weapons
 a - a +1 falchion (weapon)
Armour
 b - a +0 leather armour (worn)
Scrolls
 d - 2 scrolls of teleportation {unknown}
 e - a scroll of remove curse {unknown}
 f - a scroll of identify {unknown}
Comestibles
 c - a bread ration
 g - a royal jelly


   Skills:
 + Level 3.5 Fighting
 + Level 2.0 Long Blades
 + Level 2.1 Armour
 + Level 0.8 Dodging
 + Level 2.1 Invocations


You couldn't memorise any spells.
You didn't know any spells.

Dungeon Overview and Level Annotations

Branches:
Dungeon (1/15)

Altars:


Innate Abilities, Weirdness & Mutations

You cannot be hasted, slowed, berserked, paralysed or teleported.
You can dig through walls and to a lower floor.
Your four strong arms can wield two-handed weapons with a shield.
You have a pair of large antennae on your head. (SInv)
[Armour fits poorly on your strangely shaped body.]
[You are very dopey. (Int -4)]
[You are very frail. (-20% HP)]
[Your spells are easier to cast, but less powerful.]
[You expend magic power (3 MP) to strengthen your wands.]


Message History

Found a meat ration.
You open the door.
A hobgoblin comes into view.
The hobgoblin shouts!
Found a puce potion and a club.
A kobold comes into view.
You hit the hobgoblin.
The hobgoblin is severely wounded.
The hobgoblin hits you.
You hit the hobgoblin.
You kill the hobgoblin!
Lugonu accepts your kill.
You closely miss the kobold. The kobold hits you.
You barely miss the kobold. The kobold misses you.
The kobold barely misses you.
You barely miss the kobold. The kobold closely misses you.
You closely miss the kobold. The kobold hits you.
* * * LOW HITPOINT WARNING * * *
You completely miss the kobold. The kobold hits you.
You die...

############### #
.....%.......%. #.
.........#... #.
#....⌠...##. #..
#.........# #..#
##.......... #..
#...###..@####....##.##..#
#........#K!# #.........#.
#......⌠...#)##
#.....##....
###........##.
##....#......
#...###...####...#...##..#
#..# ##........#...#..#..
#.. ##...............##.
#...###....⌠...#...#...#..
#.............#....#....#.


You could see a kobold.

Vanquished Creatures
  A hobgoblin (D:1)
  2 bats (D:1)
3 creatures vanquished.

Notes
Turn   | Place    | Note
-------+----------+-------------------------------------------
     0 | Abyss:1  | slep the Formicid Abyssal Knight began the quest for the Orb.
     0 | Abyss:1  | Reached XP level 1. HP: 18/18 MP: 2/2
    38 | Abyss:1  | Noticed a wretched star
   146 | Abyss:2  | Noticed a hell hound
   147 | Abyss:2  | Noticed a wretched star
   147 | Abyss:2  | Noticed a large abomination
   161 | Abyss:2  | Noticed a wretched star
   166 | D:1      | Escaped the Abyss
   247 | D:1      | Slain by a kobold

Action                   || total
-------------------------++-------
Melee: Falchion          ||    14
Throw: Throwing net      ||     1
Invok: Depart the Abyss  ||     1
Armor: Leather armour    ||     2
Dodge: Dodged            ||    12
